Karin, Nutsmashing Bitch, lawful female human Samurai A --------- |.......|@ |.......|@A ------ |...@...| A |.... |..@D...|A --..--------- | |..V....|@ | - --...|.......| |. ----.---- .| ...---.%..|.......| |.....@.%.....| ...%.%.).[......_...| ---....D....--- ......---....|.......| -----a----- .%....-- --..%|.......| .@...-- --%---- --..--------- ..a%%..--------%".| |... %....%%.|..[..[... ----- ...$...--...------ ...%..--....| -.----...-- ......... ------- Karin, Nutsmashing Bitch the Kokushu Experience level: 19 Strength: 25 Dexterity: 17 Constitution: 18 Intelligence: 12 Wisdom: 18 Charisma: 10 Health: 292(304) Energy: 94(94) AC: -27 Gold: 0 Moves: 33544 Your Inventory: Amulets G - an uncursed amulet of reflection (being worn) Weapons a - the blessed rustproof +7 Excalibur (weapon in hand) b - a [blessed] rustproof [+3] long sword (wielded in other hand) Armor e - a [blessed] greased fireproof +3 T-shirt (being worn) t - an uncursed greased +3 helm of telepathy (being worn) H - a blessed +0 pair of boots called WW! [water walking] K - a blessed fireproof +4 cloak called MR [of magic resistance] (being worn) M - a blessed fireproof +3 pair of yugake (being worn) U - a blessed +2 dwarvish mithril-coat of power (being worn) Y - an uncursed fireproof +2 pair of speed boots (being worn) Comestibles v - an uncursed lump of royal jelly Z - an uncursed K-ration Spellbooks E - the uncursed Book of the Dead Rings q - an uncursed ring of free action (on left hand) C - an uncursed ring of conflict (on right hand) V - an uncursed ring of levitation Wands c - an uncursed wand of teleportation (0:5) m - an uncursed wand of cold [0:6] N - a blessed greased wand of death (0:3) Tools d - an uncursed candelabrum [Candelabrum of Invocation] (no candles attached) h - a blessed [+0] unicorn horn i - an uncursed towel l - an uncursed greased sack r - an uncursed stethoscope s - a blessed greased bag of holding u - an uncursed key [skeleton key] x - an uncursed rusty [+0] pick-axe O - the uncursed Bell of Opening (0:2) Gems F - an uncursed stone called luck [luckstone] Contents of the sack: 2 blessed scrolls of remove curse Contents of the bag of holding: an uncursed amulet of life saving a blessed amulet of magical breathing an uncursed poisoned +0 ya 17 uncursed +0 ya an uncursed +0 yumi a cursed [-4] etched helmet [of opposite alignment] an uncursed +0 oilskin cloak 3 uncursed K-rations an uncursed lizard corpse a cursed scroll called fire [of fire] 2 blessed scrolls labeled VENZAR BORGAVVE [of flood] an uncursed scroll labeled VENZAR BORGAVVE [of flood] an uncursed scroll of charging an uncursed scroll of earth a cursed scroll of earth a cursed scroll of gold detection an uncursed scroll of identify an uncursed scroll of magic mapping a cursed scroll of magic mapping 3 uncursed scrolls of remove curse a cursed scroll of remove curse an uncursed scroll of scare monster a cursed scroll of stinking cloud 2 uncursed scrolls of taming 5 uncursed scrolls of teleportation 2 cursed scrolls of teleportation 14 uncursed unlabeled scrolls [of blank paper] an uncursed potion called polymorph [of polymorph] an uncursed potion called restore ability [of restore ability] 8 blessed potions called water [of holy water] an uncursed potion called water [of water] 4 cursed potions called water [of unholy water] a cursed potion of extra healing 4 blessed potions of full healing 4 uncursed potions of full healing a cursed potion of full healing an uncursed potion of gain energy 2 uncursed potions of monster detection an uncursed potion of paralysis an uncursed ring called poly control [of polymorph control] an uncursed ring called teleportitis [of teleportation] an uncursed ring of conflict an uncursed ring of polymorph an uncursed ring of teleport control an uncursed wand called bamboo ? maybe locking? [of locking (0:3)] an uncursed wand called spiked ?! [of undead turning (0:3)] an uncursed wand of cold [0:6] an uncursed wand of death (0:0) an uncursed wand of death named 1 charge gone or so, orcus (0:7) an uncursed wand of death named 1-2 charges gone [0:3] an uncursed wand of digging [0:6] an uncursed wand of digging [0:4] an uncursed wand of digging [0:6] an uncursed wand of enlightenment [0:7] an uncursed wand of fire (0:3) an uncursed wand of fire named some charges gone [0:2] an uncursed wand of lightning (0:3) an uncursed wand of lightning [0:8] an uncursed wand of magic missile [0:3] an uncursed wand of polymorph (0:7) an uncursed wand of polymorph [0:4] an uncursed wand of secret door detection [0:7] an uncursed wand of sleep [0:6] an uncursed wand of sleep [0:5] an uncursed wand of slow monster [0:4] an uncursed wand of striking [0:2] an uncursed wand of striking [0:0] an uncursed wand of striking [0:1] an uncursed wand of striking [0:5] an uncursed wand of striking [0:0] an uncursed wand of teleportation (0:8) an uncursed wand of teleportation named maaaaany charges wasted :( (0:2) an uncursed can of grease [0:11] Spells known in the end: Name Level Category Fail Memory a - charm monster 3* enchantment 100% [........] Your skills at the end: Fighting Skills martial arts [Basic / Master] two weapon combat [Expert / Expert] body armor [Skilled / Expert] Weapon Skills short sword [Basic / Expert] long sword [Expert / Expert] bow [Basic / Expert] Spellcasting Skills Final Attributes: You were piously aligned. Hunger level was 749. Your alignment was 177 / 177. Monster difficulty range was 16 - 57. Level difficulty was 66. You resisted fire. You resisted cold. You were immune to sleep. You resisted disintegration. You resisted electricity. You resisted poison. You were immune to level-drain. You were magic-protected. You saw invisible. You were telepathic. You had automatic searching. You were invisible to others. You were stealthy. You caused conflict. You were protected. You were very fast. You had reflection. You had free action. You were wielding two weapons at once. You were very lucky (7). You had extra luck. Bad luck did not time out for you. Good luck did not time out for you. You survived. Vanquished creatures: Cthulhu (twice) Asmodeus Baalzebub Dispater Orcus Yeenoghu Juiblex The Wizard of Yendor (5 times) Death Famine Vlad the Impaler a mastodon a vorpal jabberwock Medusa Croesus 17 krakens 8 iron golems 4 storm giants a titan 2 glass golems 9 balrogs a purple worm a sirrush a sarkany 7 leviathans 4 tatzelworms 4 gold dragons 7 wyverns 4 drakens 9 lindworms 4 amphiteres 2 minotaurs 7 jabberwocks Ashikaga Takauji 11 baluchitheria 10 Angels 5 demiliches 5 stone golems a master mind flayer 21 Olog-hai 3 Nazgul 19 pit fiends 13 hell hounds 9 titanotheres a trapper a baby gold dragon 4 baby amphiteres 7 disenchanters 44 vampire lords 7 skeletons 17 aligned priests 7 captains 9 shades 10 liches 2 clay golems 7 nurses 14 ice devils 10 nalfeshnees Aphrodite 4 lurkers above 4 frost giants 5 ettins 8 black puddings 45 vampires 12 lieutenants 64 ghosts a barbarian a healer a rogue 13 samurai 2 queen bees 2 locusts 4 winged gargoyles 2 mind flayers 6 giant mimics 5 zruties 6 fire giants 3 ogre kings 5 ice trolls 13 rock trolls 4 umber hulks a flesh golem 7 Elvenkings a doppelganger 18 hezrous 22 bone devils a large mimic a wumpus 9 fire vortices a baby long worm 2 baby purple worms 5 long worms 53 stalkers 5 air elementals 15 fire elementals 3 earth elementals 18 water elementals 3 hill giants a giant mummy a xorn 34 giant zombies 10 elf-lords 26 sergeants 14 barbed devils 7 vrocks 5 salamanders 2 wargs 3 winter wolves 5 hell hound pups 9 small mimics 4 glass piercers 2 rodents of unusual size 2 warhorses 4 steam vortices 7 xans 5 ettin mummies 5 ogre lords 3 quantum mechanics 26 trolls 2 wood golems 2 erinyes 16 mariliths 13 sharks 4 giant turtles 2 gelatinous cubes 4 pyrolisks 3 large dogs 2 freezing spheres 4 flaming spheres a shocking sphere 2 large cats 4 tigers 4 gargoyles 4 tengu 11 ochre jellies 6 leocrottas 3 energy vortices 5 mountain centaurs 6 stone giants 3 elf mummies 4 human mummies 2 red nagas 5 green slimes 10 pit vipers 2 pythons 2 cobras 63 wraiths 2 carnivorous apes 27 ettin zombies 3 leather golems 13 Grey-elves 120 soldiers 14 horned devils 8 succubi 8 incubi 4 chameleons 2 crocodiles 14 giant beetles 3 quivering blobs 5 cockatrices 80 wolves a winter wolf cub 5 lynxes 3 panthers 41 gremlins 2 spotted jellies 14 leprechauns 4 orc-captains 2 iron piercers 2 mumakil 14 giant spiders 5 scorpions 4 horses 2 ice vortices 6 black lights 8 vampire bats 2 forest centaurs 2 gnome kings 2 orc mummies 2 dwarf mummies 6 ogres 19 brown puddings 10 rust monsters 7 owlbears 3 yetis 2 werewolves 5 Green-elves 3 piranhas 24 giant eels 9 lizards 22 ninja a dog 2 dingos a housecat 4 jaguars 3 dwarf lords 3 blue jellies 5 black unicorns 5 dust vortices 14 ravens 4 plains centaurs 3 gnome mummies 14 snakes 12 apes 42 human zombies 2 rope golems 19 Woodland-elves 14 soldier ants 10 fire ants 19 snow ants 14 bugbears 6 imps 103 lemures 14 quasits 8 wood nymphs 13 water nymphs 10 mountain nymphs 6 Mordor orcs 17 Uruk-hai 5 orc shamans 6 rock piercers 4 rock moles 4 ponies 5 fog clouds 5 yellow lights 3 shriekers 5 violet fungi 21 gnome lords 8 gnomish wizards a red naga hatchling 5 black naga hatchlings 2 guardian naga hatchlings 7 gray oozes a barrow wight 25 elf zombies 16 ghouls a straw golem 2 paper golems 4 wax golems 7 jellyfish a baby crocodile 18 giant ants 5 little dogs 6 floating eyes a kitten 6 dwarves 13 homunculi 3 kobold lords 2 kobold shamans 15 hill orcs 23 rothes 2 rabid rats 3 centipedes a giant bat 3 monkeys 8 orc zombies 19 dwarf zombies 2 wererats 2 werejackals 4 muggers 7 iguanas 59 killer bees 8 acid blobs 9 coyotes 2 gas spores a hobbit 5 manes 3 large kobolds 14 hobgoblins 4 giant rats 5 cave spiders a brown mold 3 yellow molds 83 gnomes 7 garter snakes 23 gnome zombies 3 geckos 8 jackals 6 foxes 3 kobolds 5 goblins 3 sewer rats 14 grid bugs 8 lichens 17 kobold zombies 4 newts 2571 creatures vanquished. Genocided or extinct species: cockatrices vorpal jabberwocks master liches arch-liches disenchanters soldiers (extinct) erinyes (extinct) electric eels 6 species genocided. 8 species extinct. Voluntary challenges: You used a wielded weapon 3886 times. You read items or engraved 394 times. You put on armor 136 times. You genocided 6 types of monsters. You never polymorphed an object. You never changed form. You used 5 wishes. You used 3 wishes for magical items. You did not wish for any artifacts. You wrote Elbereth's name 247 times. You never encountered a bones level. You used 3 Sokoban shortcuts. Dungeon overview: The Dungeons of Doom: levels 1 to 25 Level 1 a fountain stairs to The Elemental Planes Level 2 a fountain stairs to The Gnomish Mines Level 3 an armor shop Level 5 a fountain, a sink Level 7 a fountain Level 8 many fountains Level 9 a general store stairs to Sokoban Level 11 stairs to Town Level 13 a weapon shop, a fountain portal to Fort Ludios Level 14 some fountains portal to The Quest Level 16 a fountain Level 19 a fountain Level 20 (dude there is a coaligned altar) an altar to Amaterasu Omikami, a fountain Level 21 a sink Level 22 (Sam) portal to One-eyed Sam's Market Level 23 a sink Level 24 some fountains, many trees Level 25 a magic chest, a fountain Gehennom: levels 26 to 51 Level 26 a temple, a magic chest stairs to The Dungeons of Doom Level 29 many fountains, a throne Level 31 some fountains Level 36 stairs to Vlad's Tower Level 37 a lighting shop, some altars, a magic chest, a fountain stairs to The Dragon Caves Level 40 many trees Level 44 portal to Gehennom Level 45 portal to Gehennom Level 46 a magic chest Level 50 (should be VS) Level 51 a temple The Gnomish Mines: levels 3 to 10 Level 3 stairs to The Dungeons of Doom Level 6 many shops, a temple, a magic chest, some fountains The Quest: levels 1 to 6 Level 1 a magic chest portal to The Dungeons of Doom Sokoban: levels 6 to 8 Level 8 stairs to The Dungeons of Doom Town: levels 8 to 10 Level 8 many shops, some fountains, a sink Level 9 many fountains, many trees Level 10 stairs to The Dungeons of Doom Fort Ludios: Level 1 a magic chest, many fountains, a tree portal to The Dungeons of Doom One-eyed Sam's Market: Level 1 portal to The Dungeons of Doom Vlad's Tower: levels 32 to 35 Level 35 many trees stairs to Gehennom The Dragon Caves: Level 38 stairs to Gehennom The Elemental Planes: Astral Plane <- You were here some temples Plane of Fire portal to The Elemental Planes Plane of Water portal to The Elemental Planes Plane of Earth portal to The Elemental Planes Plane of Air portal to The Elemental Planes History has recorded: On T:1 you entered the Dungeons of Doom to retrieve the Amulet of Yendor! On T:163 you reached level 2 of The Dungeons of Doom. On T:166 you advanced to experience level 2. On T:317 you reached level 3 of The Dungeons of Doom. On T:459 you advanced to experience level 3. On T:586 you advanced to experience level 4. On T:640 you reached level 4 of The Dungeons of Doom. On T:872 you reached level 5 of The Dungeons of Doom. On T:907 you advanced to experience level 5. On T:1064 you reached level 6 of The Dungeons of Doom. On T:1209 you reached level 7 of The Dungeons of Doom. On T:1298 you advanced to experience level 6. On T:1556 you reached level 8 of The Dungeons of Doom. On T:1823 you advanced to experience level 7. On T:1845 you reached level 9 of The Dungeons of Doom. On T:1861 you reached level 3 of Sokoban. On T:2366 you reached level 2 of Sokoban. On T:2616 you reached level 1 of Sokoban. On T:2786 you advanced to experience level 8. On T:4373 you advanced to experience level 9. On T:5091 you reached level 1 of The Gnomish Mines. On T:5151 you reached level 2 of The Gnomish Mines. On T:5374 you reached level 3 of The Gnomish Mines. On T:5433 you reached level 4 of The Gnomish Mines. On T:7471 you advanced to experience level 10. On T:8041 you reached level 5 of The Gnomish Mines. On T:8314 you reached level 6 of The Gnomish Mines. On T:8461 you reached level 7 of The Gnomish Mines. On T:8565 you reached level 8 of The Gnomish Mines. On T:10297 you reached level 10 of The Dungeons of Doom. On T:10396 you reached level 11 of The Dungeons of Doom. On T:10527 you reached level 3 of Town. On T:10890 you advanced to experience level 11. On T:12509 you reached level 12 of The Dungeons of Doom. On T:12839 you reached level 13 of The Dungeons of Doom. On T:13049 you reached level 14 of The Dungeons of Doom. On T:13213 you reached level 15 of The Dungeons of Doom. On T:13362 you reached level 16 of The Dungeons of Doom. On T:14143 you reached level 17 of The Dungeons of Doom. On T:14351 you reached level 18 of The Dungeons of Doom. On T:14602 you reached level 19 of The Dungeons of Doom. On T:14655 you reached level 20 of The Dungeons of Doom. On T:15383 you reached Fort Knox. On T:16072 you advanced to experience level 12. On T:16663 you reached level 2 of Town. On T:16729 you reached level 1 of Town. On T:17132 you killed Aphrodite on level 2 of Town. On T:18011 you reached level 21 of The Dungeons of Doom. On T:18205 you reached level 22 of The Dungeons of Doom. On T:18275 you reached level 1 of One-eyed Sam's Market. On T:18317 you reached level 23 of The Dungeons of Doom. On T:18477 you reached level 24 of The Dungeons of Doom. On T:18576 you reached The Castle. On T:18595 you killed Medusa on level 24 of The Dungeons of Doom. On T:19015 you reached The Valley of the Dead. On T:19253 you advanced to experience level 13. On T:19830 you reached level 2 of Gehennom. On T:20427 you wished for "blessed greased fixed +3 cloak of magic resistance". On T:20430 you wished for "blessed greased fixed wand of death". On T:20454 you wished for "3 blessed greased fixed scroll of genocide". On T:20454 you genocided all vorpal jabberwocks On T:20466 you genocided all arch-liches On T:20467 you genocided all electric eels On T:20970 you reached level 1 of The Quest. On T:21139 you embarked upon an epic quest. On T:21146 you reached level 2 of The Quest. On T:21161 you advanced to experience level 14. On T:21362 you reached level 3 of The Quest. On T:21976 you reached level 4 of The Quest. On T:22106 you genocided all master liches On T:22231 you reached level 5 of The Quest. On T:22441 you reached level 6 of The Quest. On T:22739 you killed Ashikaga Takauji on level 6 of The Quest. On T:22897 you completed the quest! On T:23286 you genocided all cockatrices On T:23292 you wished for "3 potions of unholy water". On T:23296 you advanced to experience level 15. On T:24240 you killed Croesus in Fort Knox. On T:25156 you reached level 3 of Gehennom. On T:25254 you reached level 4 of Gehennom. On T:25554 you reached level 5 of Gehennom. On T:25580 you killed Asmodeus on level 5 of Gehennom. On T:25775 you reached level 6 of Gehennom. On T:25818 you killed Juiblex on level 6 of Gehennom. On T:26055 you reached level 7 of Gehennom. On T:26167 you reached level 8 of Gehennom. On T:26549 you reached level 9 of Gehennom. On T:26568 you killed Baalzebub on level 9 of Gehennom. On T:26770 you reached level 10 of Gehennom. On T:26848 you reached level 11 of Gehennom. On T:26936 you reached level 4 of Vlad's Tower. On T:27143 you reached level 3 of Vlad's Tower. On T:27246 you reached level 2 of Vlad's Tower. On T:27313 you reached level 1 of Vlad's Tower. On T:27412 you killed Vlad the Impaler on level 1 of Vlad's Tower. On T:27551 you reached level 12 of Gehennom. On T:27766 you killed Orcus on level 12 of Gehennom. On T:27817 you reached level 1 of The Dragon Caves. On T:28433 you reached level 13 of Gehennom. On T:28517 you reached level 14 of Gehennom. On T:28523 you killed Yeenoghu on level 14 of Gehennom. On T:28530 you advanced to experience level 16. On T:28822 you reached level 15 of Gehennom. On T:28956 you reached level 16 of Gehennom. On T:28963 you killed Dispater on level 16 of Gehennom. On T:29025 you advanced to experience level 17. On T:29083 you reached level 21 of Gehennom. On T:29162 you reached level 22 of Gehennom. On T:29452 you reached level 23 of Gehennom. On T:29522 you advanced to experience level 18. On T:29631 you reached level 24 of Gehennom. On T:29667 you reached level 25 of Gehennom. On T:30144 you reached level 20 of Gehennom. On T:30189 you reached level 19 of Gehennom. On T:30328 you reached level 18 of Gehennom. On T:30361 you reached level 17 of Gehennom. On T:30795 you killed Wizard of Yendor on level 17 of Gehennom. On T:31091 you killed Wizard of Yendor on level 23 of Gehennom. On T:31155 you performed the invocation. On T:31156 you reached level 26 of Gehennom. On T:31396 you wished for "blessed greased fixed +3 t-shirt". On T:31412 you killed Cthulhu on level 26 of Gehennom. On T:31415 you killed Cthulhu on level 26 of Gehennom. On T:31416 you gained the Amulet of Yendor! On T:31496 you advanced to experience level 19. On T:31736 you genocided all disenchanters On T:32020 you killed Wizard of Yendor on level 4 of Gehennom. On T:32090 you killed Wizard of Yendor on level 3 of Gehennom. On T:32157 you lost the Amulet of Yendor. On T:32158 you gained the Amulet of Yendor! On T:32795 you reached the Plane of Air. On T:32796 you killed Wizard of Yendor on the Plane of Air. On T:32866 you reached the Astral Plane. On T:32958 you reached the Plane of Water. On T:33284 you reached the Plane of Fire. On T:33462 you reached the Astral Plane. On T:33499 you killed Famine on the Astral Plane. On T:33528 you killed Death on the Astral Plane. On T:33544 you lost the Amulet of Yendor. On T:33544 you offered the Amulet of Yendor to Amaterasu Omikami and ascended to the status of Demigoddess! Latest messages: [HP-14=285] You see here a giant ant corpse. As you kick the door, it crashes open! The leviathan bites! The leviathan hits! (2x) You hear a chugging sound. [HP-3=282] The high priest intones: "Pilgrim, you enter a sacred place!" The guivre bites the high priest of Raijin?. The guivre hits the high priest of Raijin?. The guivre hits the high priest of Susanowo?. [HP+10=292] The vampire misses the guivre. The vampire bites the guivre. You offer the Amulet of Yendor to Amaterasu Omikami... An invisible choir sings, and you are bathed in radiance... The voice of Amaterasu Omikami booms: "Congratulations, mortal!" "In return for thy service, I grant thee the gift of Immortality!" You ascend to the status of Demigoddess... Final status: Sayonara Karin, Nutsmashing Bitch the Demigoddess... You went to your reward with 876086 points, Excalibur (worth 4000 zorkmids and 10000 points) The Candelabrum of Invocation (worth 5000 zorkmids and 12500 points) The Book of the Dead (worth 10000 zorkmids and 25000 points) The Bell of Opening (worth 5000 zorkmids and 12500 points) 1 amulet of life saving (worth 150 zorkmids), 1 amulet of reflection (worth 150 zorkmids), 1 amulet of magical breathing (worth 150 zorkmids), and 0 pieces of gold, after 33544 moves. You were level 19 with a maximum of 304 hit points when you ascended.